 Dungeon Crawl Stone Soup version 0.18-a0-1673-gaded821 (webtiles) character file.

5315 Oddball22 the Martial Artist (level 10, -12/80 HPs)
             Began as a Demonspawn Monk on Apr 1, 2016.
             Was a High Priest of Cheibriados.
             Killed from afar by an electric eel (17 damage)
             ... with a bolt of electricity
             ... on level 9 of the Dungeon.
             The game lasted 00:38:00 (6647 turns).

Oddball22 the Martial Artist (Demonspawn Monk)      Turns: 6647, Time: 00:38:02

Health: -12/80     AC: 13    Str: 24    XL:     10   Next: 37%
Magic:  15/15      EV: 19    Int: 23    God:    Cheibriados [*****.]
Gold:   608        SH:  0    Dex: 28    Spells: 1 memorised, 14 levels left

rFire  . . .     SeeInvis .       - Unarmed
rCold  . . .     Gourm    .     C - +0 robe of Creativity {rN+++ Str+2}
rNeg   + + +     Faith    .     (no shield)
rPois  .         Spirit   .     (no helmet)
rElec  .         Dismiss  .     (no cloak)
rCorr  .         Reflect  .     (no gloves)
SustAt .         Harm     .     U - +0 pair of boots
MR     .....                    p - amulet of magic regeneration
Stlth  +++.......               J - ring of positive energy
                                q - +3 ring of protection

@: studying Fighting, very slow, not resistant to hostile enchantments, fairly
stealthy
A: rough black scales 2, powered by death 1, spiny 3
a: Bend Time, Temporal Distortion, Slouch, Step From Time, Renounce Religion


You were on level 9 of the Dungeon.
You worshipped Cheibriados.
Cheibriados was extremely pleased with you.
You were hungry.

You visited 2 branches of the dungeon, and saw 10 of its levels.

You collected 608 gold pieces.

Inventory:

Hand Weapons
 d - a +0 whip of freezing
 k - a +0 whip of draining
 v - a +2 dagger of draining
 M - a +0 arbalest
 T - a +2 antimagic dagger
Missiles
 r - 40 bolts
 S - 6 javelins (quivered)
Armour
 a - a +0 robe
 o - a cursed +0 buckler
 y - the cursed +0 ring mail of Impatience {rF++ Int+7}
   (You found it on level 4 of the Dungeon)

   It affects your intelligence (+7).
   It greatly protects you from fire.
   It has a curse placed upon it.
 C - the +0 robe of Creativity (worn) {rN+++ Str+2}
   (You found it on level 6 of the Dungeon)

   It affects your strength (+2).
   It renders you almost immune to negative energy.
 U - a +0 pair of boots (worn)
Jewellery
 p - an amulet of magic regeneration (around neck)
 q - a +3 ring of protection (left hand)
 E - an uncursed ring of magical power
 J - a ring of positive energy (right hand)
 K - an uncursed ring of resist corrosion
Wands
 s - a wand of flame (6/48)
 P - a wand of teleportation (1/9)
 Q - a wand of flame (29/48)
Scrolls
 c - 7 scrolls of teleportation
 e - 7 scrolls of identify
 f - 7 scrolls of remove curse
 g - 4 scrolls of fog {unknown}
 l - 2 scrolls of enchant weapon {unknown}
 t - 2 scrolls of noise {unknown}
 w - 2 scrolls of enchant armour {unknown}
 A - 4 scrolls of recharging {unknown}
 N - 2 scrolls of fear {unknown}
 R - 2 scrolls of magic mapping {unknown}
Potions
 i - a potion of lignification
 n - a potion of flight
 u - a potion of cancellation {unknown}
 x - a potion of might {unknown}
 z - a potion of haste {unknown}
 G - a potion of degeneration {unknown}
 L - 2 potions of heal wounds
 O - a potion of curing
Books
 h - a book of Maledictions

   Spells                             Type                      Level
   a - Corona                         Hexes                        1
   b - Ensorcelled Hibernation        Hexes/Ice                    2
   c - Confuse                        Hexes                        3
   d - Tukima's Dance                 Hexes                        3
   e - Dazzling Spray                 Conjuration/Hexes            3
 B - a book of Spatial Translocations

   Spells                             Type                      Level
   a - Apportation                    Translocation                1
   b - Blink                          Translocation                2
   c - Shroud of Golubria             Charms/Translocation         2
   d - Portal Projectile              Translocation                3
   e - Teleport Other                 Translocation                3
   f - Passage of Golubria            Translocation                4
 D - a manual of Fighting
Miscellaneous
 H - a crystal ball of energy
Comestibles
 b - 6 bread rations
 j - a beef jerky
 m - a meat ration
 F - 2 royal jellies


   Skills:
 * Level 8.0 Fighting
 + Level 6.4 Dodging
 - Level 1.7 Stealth
 + Level 8.5 Unarmed Combat
 - Level 3.8 Spellcasting
 - Level 6.0 Translocations
 + Level 6.6 Invocations


You had 14 spell levels left.
You knew the following spells:

 Your Spells              Type           Power        Failure   Level  Hunger
a - Blink                 Tloc           N/A          1%          2    #......


Dungeon Overview and Level Annotations

Branches:
Dungeon (9/15)             Temple (1/1) D:6            Lair (0/8) D:8
    Orc: D:9-12

Altars:
Ashenzari
Cheibriados
Dithmenos
Elyvilon
Fedhas
Gozag
Makhleb
Nemelex Xobeh
Okawaru
Pakellas
Trog
Vehumet
Xom
Yredelemnul
The Shining One

Shops:
D:7 *   D:9 !?*


Innate Abilities, Weirdness & Mutations

You are mostly covered in rough black scales (AC +7, Dex -2).
You regenerate a little health from kills.
You are completely covered in sharp spines.


Message History

The electric eel shoots out a bolt of lightning at you!
The bolt of electricity hits you!
The electric eel shoots out a bolt of lightning at you!
The bolt of electricity hits you!
* * * LOW HITPOINT WARNING * * *
The electric eel shoots out a bolt of lightning at you!
The bolt of electricity hits you!
The electric eel shoots out a bolt of lightning at you!
The bolt of electricity hits you!
* * * LOW HITPOINT WARNING * * *
The electric eel shoots out a bolt of lightning at you!
The bolt of electricity hits you!
* * * LOW HITPOINT WARNING * * *
The electric eel shoots out a bolt of lightning at you!
The bolt of electricity hits you!
* * * LOW HITPOINT WARNING * * *
The bolt of electricity misses you.
The electric eel shoots out a bolt of lightning at you!
The bolt of electricity misses you. The bolt of electricity hits you!
You die...

.............#...#.##.######
...............#.#.........#
##############.#.####.####.#
#.#.# #.# .. #...####.####.#
... ##............# ....
#<#####'###### ...∩##
#..##....#
.#≈≈≈≈######@##....#
#≈≈≈≈≈≈#......#....#
≈≈≈≈≈≈≈;.####.#....#
≈≈≈≈≈≈≈≈†## #.#....#
≈≈≈≈≈≈≈≈.≈###.###'##
≈≈≈≈≈≈≈≈∩≈≈##..##'###
≈≈≈≈≈≈≈≈≈≈≈###......#
≈≈≈≈≈≈≈≈≈≈≈# #......#
≈≈≈≈≈≈≈≈;≈## ##.....#


You could see an electric eel.

Vanquished Creatures
  Pikel (D:3)
  Joseph (D:7)
  3 yaks
  A hippogriff (D:7)
  Duvessa (D:7)
  3 sky beasts
  A slave (D:3)
  2 ice beasts
  6 orc warriors
  3 phantoms
  An ogre (D:6)
  2 crocodiles (D:8)
  7 giant frogs
  Dowan (D:7)
  3 scorpions
  A water moccasin skeleton (D:7)
  4 howler monkeys
  A jelly (D:6)
  6 crimson imps
  2 giant frog zombies (D:5)
  6 hounds
  7 orc priests
  10 orc wizards
  A gnoll shaman (D:6)
  Jessica (D:2)
  3 iguanas
  5 worker ants
  7 adders
  3 howler monkey skeletons
  2 river rats (D:8)
  3 shadow imps
  An ooze (D:2)
  An adder skeleton (D:5)
  A worm (D:3)
  4 dart slugs
  4 giant geckos
  41 orcs
  3 giant cockroaches
  5 hobgoblins
  10 jackals
  7 quokkas
  21 bats
  A giant cockroach zombie (D:5)
  2 giant gecko skeletons
  3 giant newts
  5 goblins
  7 kobolds
  13 rats
227 creatures vanquished.

Vanquished Creatures (others)
  The ghost of Oper80 the Sneak, a novice VSAs of Yredelemnul (D:4)
  9 fungi (D:8)
10 creatures vanquished.

Grand Total: 237 creatures vanquished

Notes
Turn   | Place    | Note
--------------------------------------------------------------
     0 | D:1      | Oddball22 the Demonspawn Monk began the quest for the Orb.
     0 | D:1      | Reached XP level 1. HP: 18/18 MP: 1/1
     2 | D:1      | Noticed a minotaur
     2 | D:1      | Noticed a demigod
     4 | D:1      | Noticed a centaur
     6 | D:1      | Noticed a vampire
     6 | D:1      | Noticed a naga
     8 | D:1      | Noticed a demonspawn
     8 | D:1      | Noticed a draconian
    10 | D:1      | Noticed an octopode
    12 | D:1      | Noticed a tengu
    14 | D:1      | Noticed a human
    14 | D:1      | Noticed a spriggan
    16 | D:1      | Noticed an elf
    16 | D:1      | Noticed a gargoyle
    18 | D:1      | Noticed a merfolk
    20 | D:1      | Noticed a troll
    20 | D:1      | Noticed a formicid
    22 | D:1      | Noticed a ghoul
    22 | D:1      | Noticed a dwarf
    24 | D:1      | Noticed a halfling
    24 | D:1      | Noticed an ogre
    26 | D:1      | Noticed a felid
    26 | D:1      | Noticed a vine stalker
   452 | D:1      | Gained mutation: You regenerate a little health from kills. [demonic ancestry]
   452 | D:1      | Reached XP level 2. HP: 23/24 MP: 2/2
  1183 | D:2      | Gained mutation: You are partially covered in sharp spines. [demonic ancestry]
  1183 | D:2      | Reached XP level 3. HP: 22/29 MP: 3/3
  1251 | D:2      | Noticed Jessica
  1263 | D:2      | Killed Jessica
  1263 | D:2      | Gained mutation: You are partially covered in rough black scales (AC +4, Dex -1). [demonic ancestry]
  1263 | D:2      | Reached XP level 4. HP: 35/35 MP: 4/4
  1422 | D:2      | Found a blossoming altar of Fedhas.
  1606 | D:3      | Reached skill level 5 in Unarmed Combat
  2035 | D:4      | Noticed Pikel
  2035 | D:4      | Noticed a slave
  2035 | D:4      | Noticed a slave
  2035 | D:4      | Noticed a slave
  2035 | D:4      | Noticed Oper80's ghost (novice VSAs)
  2037 | D:4      | Noticed a slave
  2076 | D:3      | Killed a slave
  2211 | D:4      | Got a ruby-encrusted ring mail
  2212 | D:4      | Identified the cursed +0 ring mail of Impatience {rF++ Int+7} (You found it on level 4 of the Dungeon)
  2292 | D:3      | Killed Pikel
  2292 | D:3      | Gained mutation: You are mostly covered in rough black scales (AC +7, Dex -2). [demonic ancestry]
  2292 | D:3      | Reached XP level 5. HP: 23/42 MP: 5/5
  2292 | D:3      | Reached XP level 6. HP: 26/48 MP: 6/6
  2292 | D:3      | Gained mutation: You are mostly covered in sharp spines. [demonic ancestry]
  2292 | D:3      | Reached XP level 7. HP: 29/54 MP: 7/7
  2466 | D:4      | Killed Oper80's ghost
  2822 | D:5      | Entered Level 5 of the Dungeon
  3008 | D:5      | Found a glowing golden altar of the Shining One.
  3054 | D:5      | Reached skill level 5 in Dodging
  3196 | D:5      | Reached skill level 5 in Fighting
  3196 | D:5      | Reached XP level 8. HP: 60/62 MP: 8/8
  3617 | D:6      | Learned a level 2 spell: Blink
  3674 | D:6      | Reached skill level 1 in Translocations
  3681 | D:6      | Got a brightly glowing robe
  3683 | D:6      | Identified the cursed +0 robe of Creativity {rN+++ Str+2} (You found it on level 6 of the Dungeon)
  3727 | D:6      | Reached skill level 1 in Spellcasting
  4271 | D:6      | Reached skill level 5 in Translocations
  4271 | D:6      | Gained mutation: You are completely covered in sharp spines. [demonic ancestry]
  4271 | D:6      | Reached XP level 9. HP: 30/68 MP: 13/13
  4287 | D:6      | Identified a +2 pair of boots of running (You found it on level 6 of the Dungeon)
  4432 | D:6      | Found a staircase to the Ecumenical Temple.
  4480 | Temple   | Entered the Ecumenical Temple
  4580 | Temple   | Became a worshipper of Cheibriados the Contemplative
  4580 | Temple   | Reached * piety under Cheibriados
  4580 | Temple   | Reached ** piety under Cheibriados
  4635 | D:6      | Reached skill level 1 in Invocations
  5012 | D:7      | Noticed Joseph
  5019 | D:7      | Noticed Duvessa
  5019 | D:7      | Noticed Dowan
  5028 | D:7      | Killed Duvessa
  5031 | D:7      | Killed Dowan
  5036 | D:7      | Killed Joseph
  5341 | D:7      | Reached *** piety under Cheibriados
  5347 | D:7      | Reached skill level 5 in Invocations
  5527 | D:7      | Found Dal Tir's General Store.
  5752 | D:8      | Reached XP level 10. HP: 76/76 MP: 15/15
  5782 | D:8      | Reached **** piety under Cheibriados
  6320 | D:8      | Reached ***** piety under Cheibriados
  6333 | D:8      | Found a staircase to the Lair.
  6435 | D:9      | Found Seorph's Distillery.
  6472 | D:9      | Found an oddly glowing altar of Pakellas.
  6561 | D:9      | Found Feof Kuatwoh's Assorted Antiques.
  6562 | D:9      | Found Koenk's Magic Scroll Shop.
  6647 | D:9      | Killed from afar by an electric eel

Vault maps used:
D:1:      kb_arrival_jail, serial_bayou_pond_d, minmay_door_square
D:2:      overflow_temple_1_default, uniq_jessica
D:4:      kennysheep_six_static_rooms, first_bread, uniq_robin, uniq_edmund,
          uniq_pikel, uniq_natasha
D:5:      basic_altar
D:6:      kennysheep_windowed_halls, minmay_temple_entry_trees,
          grunt_ministairs_13
D:7:      serial_shops, shop, uniq_joseph, uniq_duvessa
D:8:      grunt_lair_entry_orc_guard_hut
D:9:      minitemple, lemuel_crystal_altar, david_orc_3, serial_shops,
          nicolae_shop_crystal, shop, shop, shop, hangedman_ranch
Temple:   circular_temple_12

Skill      XL: |  1  2  3  4  5  6  7  8  9 10 |
---------------+-------------------------------+-----
Unarmed Combat | 4 6 7 8 |  8.5
Dodging        | 3 4 5 6 |  6.4
Fighting       | 4 5 6 8 |  8.0
Translocations | 5 6 |  6.0
Spellcasting   | 3 |  3.8
Invocations    | 5 6 |  6.6
Stealth        | |  1.7

Action                   |  1- 3 |  4- 6 |  7- 9 | 10-12 || total
-------------------------+-------+-------+-------+-------++-------
Melee: Unarmed           |    64 |       |    88 |    73 ||   225
       Whip              |    32 |    82 |   224 |       ||   338
  Use: Potion            |       |     3 |       |       ||     3
       Scroll            |       |     1 |     3 |       ||     4
 Stab: Sleeping          |     1 |     6 |     6 |     1 ||    14
       Distracted        |       |       |     1 |       ||     1
  Eat: Chunk             |     1 |     3 |    10 |     1 ||    15
